Map: Lerilak Crest

Players

CMStormPolt (Polt) - Winner!

  • Race: Terran Terran
  • League: Master

Lambo

  • Race: Zerg Zerg
  • League: Grandmaster

Event: 2016 WCS Winter Circuit Championship

VOD

https://www.youtube.com/watch?v=PRWOyyLFVXc

Description

Time

  • Played on: March 2, 2016, 6 a.m.
  • Length: 11:37

All games in this series

Show
View Real Time Build Order
Export as new Build Order

CMStormPolt Terran - Winner!

Build Orders: Reaper Expand, Bio Tank 

Get SALT Encoding   

  12  0:00  SCV  
  13  0:12  SCV  
  14  0:17  Supply Depot  
  14  0:26  SCV  
  15  0:39  SCV  
  15  0:40  Barracks  
  16  0:43  Refinery  
  16  0:51  SCV  
  17  1:03  SCV  
  18  1:15  SCV  
  19  1:27  Orbital Command  
  19  1:28  Reaper  
  20  1:40  Command Center  
  20  1:53  Supply Depot, SCV  
  21  2:00  Marine  
  22  2:05  SCV  
  23  2:11  Factory  
  23  2:15  Refinery  
  23  2:17  SCV  
  23  2:20  Barracks Reactor  
  24  2:29  SCV  
  25  2:41  SCV  
  26  2:52  Orbital Command  
  26  2:53  SCV  
  26  2:54  Bunker  
  26  2:55  Factory Tech Lab  
  26  2:56  Starport  
  26  2:58  Marine x2  
  29  3:05  SCV  
  30  3:15  Marine x2  
  30  3:17  Siege Tank, SCV  
  30  3:19  SCV  
  37  3:30  SCV  
  37  3:31  SCV  
  37  3:32  Supply Depot  
  37  3:33  Marine x2  
  41  3:37  Medivac  
  43  3:42  SCV  
  43  3:43  SCV  
  45  3:51  Marine  
  45  3:53  Marine  
  45  3:55  Supply Depot, SCV x2  
  49  4:07  SCV x2  
  51  4:10  Command Center  
  51  4:16  Viking  
  53  4:19  SCV x2  
  53  4:20  Supply Depot  
  53  4:21  Factory Reactor  
  55  4:25  Stimpack  
  55  4:31  SCV x2  
  55  4:36  Refinery x2  
  57  4:43  SCV  
  57  4:44  SCV  
  59  4:46  Marine  
  60  4:55  SCV  
  60  4:56  SCV  
  59  5:05  Factory Tech Lab  
  59  5:07  Marine  
  59  5:08  SCV x2  
  59  5:09  Barracks, Starport Reactor  
  59  5:11  Barracks  
  61  5:20  SCV x2  
  61  5:23  Orbital Command  
  61  5:25  Supply Depot, Siege Tank, Marine  
  65  5:29  Engineering Bay x2  
  65  5:32  SCV x2  
  67  5:42  Orbital Command  
  67  5:43  Marine  
  67  5:44  SCV x2  
  67  5:45  Barracks x2  
  67  5:48  Medivac x2  
  74  5:56  Terran Infantry Armor Level 1, Terran Infantry Weapons Level 1  
  74  5:58  Marine x2  
  74  6:00  Marine x2  
  74  6:01  Marine  
  79  6:05  Refinery  
  79  6:07  SCV x2  
  79  6:08  SCV  
  82  6:11  Supply Depot  
  82  6:15  Siege Tank  
  85  6:19  SCV  
  85  6:20  SCV x2  
  85  6:23  Supply Depot x2  
  88  6:26  Combat Shields  
  88  6:29  Marine x5  
  92  6:33  Starport Reactor  
  92  6:35  SCV x3  
  93  6:40  Barracks Reactor  
  93  6:47  Siege Tank, SCV x3  
  93  6:49  Factory  
  93  6:51  Supply Depot x2  
  98  6:59  SCV x3  
  98  7:01  Marine x7  
  107  7:09  Refinery, Missile Turret  
  107  7:16  Medivac  
  107  7:18  Medivac  
  107  7:19  Siege Tank, Marine x7  
  107  7:22  Armory  
  121  7:30  Supply Depot x3  
  121  7:34  Marine x2  
  121  7:36  Marine x4  
  121  7:37  Marine x3  
  123  7:39  Factory Tech Lab  
  130  7:50  Medivac  
  132  7:51  Siege Tank, Medivac  
  137  8:03  Siege Tank  
  137  8:04  Marine x9  
  148  8:08  Supply Depot  
  148  8:09  Terran Infantry Weapons Level 2  
  148  8:10  Supply Depot  
  148  8:11  Supply Depot x2, Terran Infantry Armor Level 2  
  148  8:13  Terran Vehicle Weapons Level 1  
  148  8:23  Marine x9  
  157  8:29  Siege Tank  
  160  8:35  Siege Tank  
  163  8:41  Medivac  
  163  8:42  Medivac  
  164  8:50  Marine x9  
  167  9:04  Siege Tank  
  167  9:08  Siege Tank  
  172  9:11  Marine x9  
  172  9:15  Command Center  
  181  9:32  Medivac x2  
  181  9:36  Siege Tank  
  188  9:40  Siege Tank  
  188  9:44  Marine x6  
  197  9:53  Barracks  
  197  9:54  Barracks  
  197  9:55  Barracks  
  197  10:08  Marine  
  197  10:09  Marine x2  
  197  10:10  Marine x4  
  197  10:11  Marine x2  
  197  10:13  Siege Tank x2  
  189  10:17  Medivac x2  
  179  10:27  Marine x3  
  179  10:28  Marine x4  
  182  10:29  Marine x2  
  182  10:31  Command Center  
  186  10:44  Marine  
  186  10:45  Marine x2  
  175  10:50  Marine x2  
  175  10:51  Marine x7  
  173  11:02  Marine  
Show
View Real Time Build Order
Export as new Build Order

Lambo Zerg 

Build Orders: Hatch First 

Get SALT Encoding   

  12  0:00  Drone  
  13  0:13  Overlord  
  13  0:19  Drone  
  14  0:32  Drone x2  
  16  0:36  Drone  
  17  0:52  Hatchery  
  17  0:55  Drone  
  17  0:58  Drone  
  18  1:09  Extractor  
  17  1:13  Spawning Pool  
  17  1:16  Drone  
  17  1:19  Drone  
  18  1:29  Drone  
  19  1:43  Overlord  
  19  2:00  Queen, Zergling x2  
  22  2:02  Zergling x2  
  22  2:04  Queen, Zergling x2  
  26  2:12  Metabolic Boost  
  26  2:13  Drone  
  27  2:16  Drone  
  28  2:22  Extractor  
  28  2:27  Drone x2  
  30  2:40  Queen  
  32  2:45  Overlord  
  32  2:46  Drone x2  
  34  2:58  Hatchery  
  33  3:01  Drone x3  
  36  3:11  Drone x3  
  36  3:12  Overlord  
  39  3:15  Drone  
  39  3:16  Drone  
  41  3:20  Drone  
  41  3:24  Queen  
  44  3:32  Drone x3  
  44  3:33  Drone  
  48  3:41  Overlord  
  48  3:44  Drone x2  
  48  3:48  Extractor  
  49  3:52  Drone  
  49  3:53  Drone x2  
  49  3:54  Overlord  
  52  3:56  Overlord  
  52  3:58  Overlord  
  52  4:04  Overlord  
  52  4:09  Lair  
  52  4:11  Drone  
  52  4:12  Roach Warren  
  52  4:17  Queen  
  52  4:22  Drone x4  
  58  4:24  Drone  
  58  4:28  Evolution Chamber, Drone  
  58  4:31  Evolution Chamber  
  58  4:33  Zergling x4  
  58  4:36  Zergling x4  
  62  4:44  Zergling x4  
  61  4:59  Zergling x4  
  59  5:00  Zergling x8  
  59  5:02  Zergling x4  
  63  5:07  Drone x3  
  62  5:14  Drone x3  
  63  5:22  Extractor  
  63  5:23  Zerg Missile Weapons Level 1, Zerg Ground Armor Level 1  
  62  5:29  Drone x4  
  62  5:32  Glial Reconstitution  
  62  5:33  Extractor  
  62  5:35  Drone x2  
  67  5:38  Queen  
  67  5:41  Drone x2  
  71  5:43  Drone  
  71  5:49  Drone x3  
  75  5:54  Drone x2  
  77  5:57  Extractor  
  77  5:59  Extractor, Roach  
  77  6:00  Infestation Pit, Roach x2  
  77  6:01  Drone  
  81  6:11  Roach x4  
  89  6:13  Drone  
  90  6:22  Overlord  
  90  6:25  Overlord x2  
  90  6:27  Overlord  
  90  6:31  Hatchery, Queen, Overlord  
  88  6:33  Overlord  
  86  6:41  Ravager  
  86  6:44  Pathogen Glands  
  86  6:45  Roach x4  
  95  6:49  Drone x3  
  95  6:50  Drone  
  95  6:51  Drone  
  100  6:56  Ravager  
  101  7:06  Infestor x2  
  101  7:07  Infestor  
  107  7:11  Roach x2  
  111  7:19  Roach  
  111  7:20  Roach x5  
  123  7:29  Hive  
  123  7:33  Overlord x3  
  123  7:35  Ravager  
  123  7:36  Overlord  
  124  7:50  Roach x3  
  124  7:51  Roach x5  
  135  7:53  Roach x3  
  139  8:11  Roach x8  
  155  8:13  Overlord x2  
  155  8:17  Overlord x2  
  155  8:19  Overlord  
  155  8:22  Overlord  
  155  8:23  Extractor  
  155  8:24  Zerg Ground Armor Level 2  
  155  8:25  Zerg Melee Weapons Level 1, Overlord  
  154  8:35  Overlord  
  151  8:43  Ultralisk Cavern  
  151  8:45  Drone x4  
  141  8:51  Queen, Drone x6  
  142  9:02  Ravager x3  
  145  9:03  Roach x3  
  145  9:04  Roach  
  145  9:06  Drone x2  
  155  9:12  Roach  
  155  9:13  Roach  
  155  9:16  Ravager x3  
  161  9:23  Roach x4  
  169  9:30  Overlord  
  169  9:35  Overlord x2  
  169  9:38  Chitinous Plating  
  169  9:47  Queen  
  169  9:50  Overlord x2  
  171  9:54  Roach  
  171  9:55  Roach x4  
  181  10:01  Roach x3  
  181  10:02  Roach  
  147  10:14  Roach x6  
  147  10:17  Infestor x2  
  144  10:21  Ravager x2  
  144  10:24  Roach x2  
  149  10:31  Roach  
  149  10:32  Roach x3  
  157  10:36  Roach x2  
  161  10:48  Roach x4  
  143  10:54  Roach x5  
Tags
 
Add a new tag
Caveats
  • Supply blocks, unpowered buildings, or Contaminate may cause inaccurate times.
  • Supply counts are checked every 10 seconds.